Map: Kairos Junction LE

Players

MarineLorD - Winner!

  • Race: Terran Terran
  • Spawn Location: 5:00

HateMe

  • Race: Zerg Zerg
  • Spawn Location: 11:00

Event: 2019 WCS Summer

VOD

Have the link to the VOD?

Description

Time

  • Played on: July 12, 2019, 6:58 a.m.
  • Length: 3:47

All games in this series

Show
View Real Time Build Order
Export as new Build Order

MarineLorD Terran - Winner!

Build Orders:  

Get SALT Encoding   

  12  0:00  SCV  
  13  0:12  SCV  
  14  0:17  Supply Depot  
  14  0:24  SCV  
  15  0:39  Barracks  
  15  0:50  Barracks  
  15  0:53  SCV  
  16  1:05  SCV  
  17  1:17  SCV  
  18  1:26  Marine  
  18  1:29  Orbital Command  
  18  1:32  Supply Depot  
  19  1:36  Marine  
  20  1:43  Marine  
  21  1:54  Marine, Refinery  
  22  2:02  Bunker  
  22  2:04  Bunker x2  
  22  2:05  Marine  
  23  2:17  Bunker  
  23  2:18  Marine, SCV  
  25  2:23  Marine  
  25  2:24  Supply Depot  
  26  2:34  SCV  
  26  2:36  Marine  
  28  2:40  Marine  
  28  2:46  SCV  
  29  2:54  Marine  
  29  2:58  Marine, SCV  
  31  3:00  Factory  
  32  3:10  SCV  
  32  3:12  Marine  
  34  3:16  Marine  
  35  3:22  SCV  
  36  3:34  SCV  
  38  3:45  Factory Reactor, Supply Depot  
Show
View Real Time Build Order
Export as new Build Order

HateMe Zerg 

Build Orders: Hatch First 

Get SALT Encoding   

  12  0:00  Drone  
  13  0:12  Overlord  
  13  0:17  Drone  
  14  0:31  Drone x2  
  16  0:48  Hatchery  
  15  0:51  Drone  
  15  0:55  Drone  
  17  0:58  Drone  
  18  1:09  Extractor  
  17  1:13  Spawning Pool  
  17  1:17  Drone  
  17  1:21  Drone  
  18  1:28  Drone  
  19  1:38  Drone  
  20  2:01  Queen, Spine Crawler  
  20  2:02  Queen  
  20  2:03  Zergling x2  
  22  2:19  Spine Crawler  
  21  2:23  Zergling x2  
  21  2:29  Zergling x2  
  23  2:32  Zergling x2  
  23  2:34  Zergling x2  
  25  2:46  Zergling x4  
  25  2:51  Zergling x2  
  25  3:08  Zergling x8  
  26  3:14  Zergling x2  
  22  3:27  Zergling x6  
Tags
 
Add a new tag
Caveats
  • Supply blocks, unpowered buildings, or Contaminate may cause inaccurate times.
  • Supply counts are checked every 10 seconds.